 Dungeon Crawl Stone Soup version 0.31-a0-691-g409c26aa35 (webtiles) character file.

Game seed: 16434277110355641134

440 cforsyth the Trooper (level 7, 0/55 HPs)
             Began as a Djinni Chaos Knight on Sept 7, 2023.
             Was a Plaything of Xom.
             Slain by a gnoll
             ... wielding a +0 club
             ... led by a gnoll bouda
              (3 damage)
             ... on level 4 of the Dungeon.
             The game lasted 00:05:30 (2828 turns).

cforsyth the Trooper (Djinni Chaos Knight)          Turns: 2828, Time: 00:05:30

Health: 0/55       AC:  3    Str: 15      XL:     7   Next: 22%
Gold:   145        EV: 11    Int: 24      God:    Xom [*.....] SH:  0 Dex:  9 (10)

rFire   + + .        a - +0 falchion (chaos)
rCold   x . .        (no shield)
rNeg    . . .        b - +2 leather armour
rPois   ∞            (no helmet)
rElec   .            (no cloak)
rCorr   .            (no gloves)
SInv    .            (boots unavailable)
Will    .....        (no amulet)
Stlth   +            e - +4 ring of slaying
HPRegen 0.29/turn    g - +6 ring of strength
MPRegen 0.00/turn

%: infuse magic (-1 HP)
@: flying
A: sickness immunity, fire resistance 2, cold vulnerability 1, float, innate
caster, HP casting, extra vitality 1, clever 2, deformed body, deterioration 1,
mutation resistance 1, wild magic 1
a: Renounce Religion


You were on level 4 of the Dungeon.
You worshipped Xom.
You were a special plaything of Xom.
You visited 1 branch of the dungeon, and saw 4 of its levels.
You also visited: Sewer.

You collected 145 gold pieces.

Inventory:

Hand Weapons
 a - a +0 falchion of chaos (weapon)
Armour
 b - a +2 leather armour (worn)
 m - a +0 buckler
Jewellery
 e - a +4 ring of slaying (left hand)
 g - a +6 ring of strength (right hand)
Wands
 o - a wand of roots (4)
Scrolls
 c - a scroll of butterflies
 d - a scroll of noise {unknown}
 i - 2 scrolls of immolation
 j - a scroll of revelation {unknown}
 p - a scroll of fog {unknown}
 r - a scroll of teleportation {unknown}
Potions
 f - a potion of enlightenment
 h - a potion of attraction {unknown}
 k - 3 potions of curing
 l - 3 potions of heal wounds
 n - 3 potions of might
 q - a potion of haste {unknown}


   Skills:
 + Level 5.7 Fighting
 - Level 2.7 Long Blades
 - Level 1.0 Armour
 - Level 2.2 Dodging
 + Level 3.4 Spellcasting
 + Level 3.4 Conjurations
 + Level 3.4 Hexes
   Level 0.0 Charms
 + Level 3.4 Summonings
 + Level 3.4 Necromancy
 + Level 3.4 Translocations
 + Level 3.4 Transmutations
 + Level 3.4 Fire Magic
 + Level 3.4 Ice Magic
 + Level 3.4 Air Magic
 + Level 3.4 Earth Magic
 + Level 3.4 Poison Magic


You knew the following spells:

 Your Spells              Type           Power      Damage    Failure   Level
a - Sting                 Tmut/Pois      100%       1d8       5%          1
b - Call Imp              Summ           52%        N/A       8%          2
c - Gell's Gravitas       Tloc           26%        N/A       14%         3
Your spell library was empty.

Dungeon Overview and Level Annotations

Branches:
Dungeon (4/15)              Sewer (visited)
 Temple: D:4-7

Altars:
Dithmenos
Qazlal
Uskayaw

Shops:
D:2 =

Annotations:
D:2 1 runed translucent door, Crazy Yiuf


Innate Abilities, Weirdness & Mutations

You are immune to sickness and miasma.
You are immune to poison.
Your flesh is very heat resistant. (rF++)
You are vulnerable to cold. (rC-)
You float through the air rather than walking.
You learn spells naturally, not from books.
Your magical power is your life essence.
You have superior vitality. (+4 MHP)
Your mind is very acute. (Int +8, Str/Dex -2)
Armour fits poorly on your strangely shaped body.
Your body sometimes deteriorates upon taking damage.
You are somewhat resistant to further mutation.
Your spells are a little harder to cast, but a little more powerful.


Message History

Confirm with . or Enter, or press ? or * to list all spells.
A tiny devil pulls itself out of the air.
* * * LOW HITPOINT WARNING * * *
The gnoll closely misses your cerulean imp.
The gnoll bouda barely misses your cerulean imp.
Casting: Call Imp (safe; 8% risk of failure)
Confirm with . or Enter, or press ? or * to list all spells.
Aiming: Gell's Gravitas (dangerous; 14% risk of failure)
Press: ? - help, Dir - move target, f - gnoll
Aim: a gnoll, wielding a +0 flail (covering ground quickly) Gravity reorients around the gnoll.
Your cerulean imp collides with the gnoll!
The gnoll is heavily wounded.
Your cerulean imp is moderately wounded.
The gnoll bouda collides with the gnoll!
The gnoll is lightly wounded.
The gnoll bouda is heavily wounded.
The adder collides with the gnoll!
The gnoll is heavily wounded.
The adder is heavily wounded.
The gnoll collides with the gnoll!
The gnoll is severely wounded.
The gnoll is heavily wounded.
* * * LOW HITPOINT WARNING * * *
Your cerulean imp disappears in a puff of smoke!
The gnoll bouda hits you with a +0 club.
* * * LOW HITPOINT WARNING * * *
The gnoll closely misses you. The gnoll attacks as it pursues you!
The gnoll hits you but does no damage.
Casting: Gell's Gravitas (dangerous; 14% risk of failure)
Confirm with . or Enter, or press ? or * to list all spells.
A tiny devil pulls itself out of the air.
* * * LOW HITPOINT WARNING * * *
The gnoll bouda calls upon its god to heal something.
Found 18 gold pieces.
The gnoll is no longer moving quickly.
Your cerulean imp hits the gnoll but does no damage.
The gnoll attacks as it pursues you! The gnoll hits you with a +0 flail.
* * * LOW HITPOINT WARNING * * *
The gnoll hits you with a +0 club.
You die... "Huh?
Did I miss anything?"

#### ..# ######.# .
######.Sg...#####...
.......S.#.g5.......
........g#.g@.......
.........##.#####.##
........).......
######.#.##.####
.....##.# ###.####.#
.? ... .. #$. ...


You could see a gnoll bouda, 2 gnolls, an adder and a friendly cerulean imp
(summoned).

Vanquished Creatures
  A wolf (Sewer)
  2 kobold brigands (Sewer)
  A gnoll (D:4)
  8 adders
  2 river rats (Sewer)
  8 worms
  A dart slug (D:2)
  2 orcs (D:3)
  7 endoplasms
  8 giant cockroaches
  7 goblins
  11 hobgoblins
  7 jackals
  A quokka (D:1)
  6 ball pythons
  3 bats
  3 frilled lizards
  7 kobolds
  12 rats
97 creatures vanquished.

Vanquished Creatures (others)
  A ball python zombie (D:4)
1 creature vanquished.

Grand Total: 98 creatures vanquished

Notes
Turn   | Place    | Note
-------+----------+-------------------------------------------
     0 | D:1      | cforsyth the Djinni Chaos Knight began the quest for the
                  | Orb.
     0 | D:1      | Reached XP level 1. HP: 20/20 MP: 0/0
    91 | D:1      | XOM: give mutations
    91 | D:1      | Gained mutation: You are weak. (Str -2) [Xom's mischief]
    91 | D:1      | Gained mutation: Your mind is acute. (Int +4, Str/Dex -1)
                  | [Xom's mischief]
    91 | D:1      | Gained mutation: Armour fits poorly on your strangely
                  | shaped body. [Xom's mischief]
    91 | D:1      | Gained mutation: You occasionally shout uncontrollably at
                  | your foes. [Xom's mischief]
   141 | D:1      | Reached XP level 2. HP: 16/25 MP: 0/0
   313 | D:1      | XOM: confuse monster(s)
   377 | D:1      | Reached skill level 1 in Spellcasting
   377 | D:1      | Reached skill level 1 in Conjurations
   377 | D:1      | Reached skill level 1 in Hexes
   377 | D:1      | Reached skill level 1 in Summonings
   377 | D:1      | Reached skill level 1 in Necromancy
   377 | D:1      | Reached skill level 1 in Translocations
   377 | D:1      | Reached skill level 1 in Transmutations
   377 | D:1      | Reached skill level 1 in Fire Magic
   377 | D:1      | Reached skill level 1 in Ice Magic
   377 | D:1      | Reached skill level 1 in Air Magic
   377 | D:1      | Reached skill level 1 in Earth Magic
   377 | D:1      | Reached skill level 1 in Poison Magic
   378 | D:1      | XOM: give mutation
   378 | D:1      | Gained mutation: Your body sometimes deteriorates upon
                  | taking damage. [Xom's mischief]
   463 | D:1      | Reached XP level 3. HP: 28/30 MP: 0/0
   463 | D:1      | Learned a level 1 spell: Sting
   673 | D:2      | Found Saraesoo's One-of-a-Kind Rings.
   844 | D:2      | Reached XP level 4. HP: 37/37 MP: 0/0
   973 | D:2      | Reached skill level 4 in Fighting
  1163 | D:2      | Found a runed translucent door.
  1164 | D:2      | Noticed Crazy Yiuf
  1274 | D:2      | XOM is BORED!
  1274 | D:2      | XOM: give mutations
  1274 | D:2      | Gained mutation: Your mind is very acute. (Int +8, Str/Dex
                  | -2) [Xom's mischief]
  1274 | D:2      | Lost mutation: You occasionally shout uncontrollably at
                  | your foes. [Xom's mischief]
  1274 | D:2      | Lost mutation: You are weak. (Str -2) [Xom's mischief]
  1285 | D:2      | XOM: give mutation
  1285 | D:2      | Gained mutation: Your spells are a little harder to cast,
                  | but a little more powerful. [Xom's mischief]
  1385 | D:3      | Reached XP level 5. HP: 28/41 MP: 0/0
  1385 | D:3      | Learned a level 2 spell: Call Imp
  1524 | D:3      | Found a glowing drain.
  1528 | Sewer    | Entered a sewer
  1648 | Sewer    | Noticed a kobold brigand
  1648 | Sewer    | Noticed a kobold brigand
  1657 | Sewer    | Killed a kobold brigand
  1658 | Sewer    | Reached XP level 6. HP: 40/49 MP: 0/0
  1663 | Sewer    | Reached skill level 5 in Fighting
  1704 | Sewer    | XOM: smoke on damage
  1727 | Sewer    | XOM: give mutation
  1727 | Sewer    | Gained mutation: You are somewhat resistant to further
                  | mutation. [Xom's grace]
  1872 | Sewer    | a kobold brigand changed into a wolf
  1872 | Sewer    | Noticed a wolf
  1872 | Sewer    | XOM: polymorph kobold brigand -> wolf
  1879 | Sewer    | Killed a wolf
  1880 | Sewer    | Reached XP level 7. HP: 35/54 MP: 0/0
  1880 | Sewer    | Learned a level 3 spell: Gell's Gravitas
  2074 | Sewer    | XOM: god gift: +6 ring of strength
  2335 | D:3      | Found a hide-covered altar of Uskayaw.
  2531 | D:3      | Found a faded altar of an unknown god.
  2611 | D:3      | Found a stormy altar of Qazlal.
  2725 | D:3      | Found a shadowy altar of Dithmenos.
  2828 | D:4      | Slain by a gnoll

Illustrated notes

Levels and vault maps discovered:
D:1:      onia_arrival_mini_spirals, layout_loops_cross,
          nicolae_figureground_sparkle
D:2:      layout_rooms, serial_curves, eino_curves_02, eino_curves_01,
          eino_curves_03, nicolae_shop_unique_rings, minivault_24,
          uniq_crazy_yiuf_cottage
D:3:      layout_loops_ring, mainiacjoe_overflow_24_doors,
          mainiacjoe_overflow_alcove_4, grunt_dithmenos_smoke_and_mirrors,
          nicolae_qazlal_general_emergency, gup_sewer_entry_spiral,
          shapermc_ecumenical_altar_rom_forum, grunt_decor_resistance
D:4:      layout_basic, mainiacjoe_overflow_chevrons, minmay_misc_feat_tower,
          amcnicky_mini_pool_small

Skill      XL: |  1  2  3  4  5  6 |
---------------+-------------------+-----
Spellcasting   | 1 2 3 |  3.4
Conjurations   | 1 2 3 |  3.4
Hexes          | 1 2 3 |  3.4
Summonings     | 1 2 3 |  3.4
Necromancy     | 1 2 3 |  3.4
Translocations | 1 2 3 |  3.4
Transmutations | 1 2 3 |  3.4
Fire Magic     | 1 2 3 |  3.4
Ice Magic      | 1 2 3 |  3.4
Air Magic      | 1 2 3 |  3.4
Earth Magic    | 1 2 3 |  3.4
Poison Magic   | 1 2 3 |  3.4
Fighting       | 4 5 |  5.7
Long Blades    | |  2.7
Armour         | |  1.0
Dodging        | |  2.2

Action                     |  1- 3 |  4- 6 |  7- 9 || total
---------------------------+-------+-------+-------++-------
  Melee: Falchion          |    84 |   115 |    62 ||   261
         Punch             |       |       |     1 ||     1
   Cast: Sting             |       |     8 |       ||     8
         Call Imp          |       |     1 |     2 ||     3
         Gell's Gravitas   |       |       |     1 ||     1
    Use: Scroll            |       |     8 |     1 ||     9
 Armour: Leather armour    |    49 |    61 |    51 ||   161
  Dodge: Dodged            |    52 |    56 |    44 ||   152

Table legend: (Time is in decaauts)
 A = Elapsed time spent in this place.
 B = Non-inter-level travel time spent in this place.
 C = Inter-level travel time spent in this place.
 D = Time resting spent in this place.
 E = Time spent auto-exploring this place.
 F = Levels seen in this place.
 G = Mean time per level.
                   A        B        C        D        E       F      G
               +--------+--------+--------+--------+--------+-----+--------+
         Total |   2868 |   2808 |     60 |      0 |   2068 |   5 |  573.6 |
       Dungeon |   2281 |   2221 |     60 |      0 |   1648 |   4 |  570.2 |
         Sewer |    587 |    587 |      0 |      0 |    420 |   1 |  587.0 |
               +--------+--------+--------+--------+--------+-----+--------+

Top non-repeatable levels by time:
     D:3: 898 daAuts
     D:2: 704 daAuts
     D:1: 649 daAuts
   Sewer: 587 daAuts
     D:4: 28 daAuts
